 Dungeon Crawl Stone Soup version 0.31-a0-83-gbff143cfd1 (webtiles) character file.

Game seed: 9289452735288420741

84 Chodeload the Sneak (level 4, -7/26 HPs)
             Began as a Deep Elf Wanderer on May 24, 2023.
             Mangled by a gnoll sergeant
             ... wielding a +0 spear
              (12 damage)
             ... on level 3 of the Dungeon.
             The game lasted 00:05:18 (2171 turns).

Chodeload the Sneak (Deep Elf Wanderer)             Turns: 2171, Time: 00:05:18

Health: -7/26      AC:  3    Str:  7    XL:     4   Next: 23%
Magic:  11/11      EV: 11    Int: 16    God:
Gold:   230        SH:  0    Dex: 19    Spells: 8/10 levels left

rFire   . . .        a - +1 dagger (venom)
rCold   . . .        (no shield)
rNeg    . . .        d - +0 robe
rPois   .            (no helmet)
rElec   .            g - +0 cloak
rCorr   .            (no gloves)
SInv    .            (no boots)
Will    .....        (no amulet)
Stlth   +++          (no ring)
HPRegen 0.24/turn    (no ring)
MPRegen 0.12/turn

%: no passive effects
@: no status effects
A: no striking features
a: no special abilities


You were on level 3 of the Dungeon.
You visited 1 branch of the dungeon, and saw 3 of its levels.

You collected 230 gold pieces.

Inventory:

Hand Weapons
 a - a +1 dagger of venom (weapon)
 b - a +0 sling
Missiles
 i - 6 boomerangs
 l - 4 poisoned darts
 w - 3 atropa-tipped darts (quivered)
Armour
 d - a +0 robe (worn)
 g - a +0 cloak (worn)
Jewellery
 x - a ring of ice
Wands
 e - a wand of roots (12)
Scrolls
 c - 2 scrolls of vulnerability
 f - a scroll of identify {unknown}
 h - a scroll of acquirement {unknown}
 j - a scroll of fear {unknown}
 k - a scroll of torment {unknown}
 s - a scroll of amnesia {unknown}
 t - a scroll of enchant armour {unknown}
 u - a scroll of blinking {unknown}
 v - a scroll of enchant weapon {unknown}
Potions
 m - 2 potions of curing {unknown}
 n - a potion of heal wounds {unknown}
 o - a potion of berserk rage {unknown}
 p - a potion of enlightenment {unknown}
 q - a potion of attraction {unknown}
 r - a potion of ambrosia {unknown}


   Skills:
 - Level 2.0 Fighting
 + Level 3.9 Stealth
 + Level 3.5 Spellcasting
 - Level 2.1 Translocations
 - Level 2.0 Invocations
 - Level 2.1 Evocations


You had 8 spell levels left.
You knew the following spells:

 Your Spells              Type           Power      Damage    Failure   Level
a - Blink                 Tloc           18%        N/A       11%         2

Your spell library contained the following spells:

 Spells                   Type           Power      Damage    Failure   Level
 Lesser Beckoning         Tloc           18%        N/A       11%         2
 Ensorcelled Hibernation  Hex/Ice        2%         N/A       32%         2
 Passwall                 Tmut/Erth      0%         N/A       32%         2
 Swiftness                Air            2%         N/A       47%         3
 Conjure Ball Lightning   Conj/Air       0%         3x3d6     100%        6
 Discord                  Hex            1%         N/A       100%        8
 Disjunction              Tloc           4%         N/A       100%        8


Dungeon Overview and Level Annotations

Branches:
Dungeon (3/15)

Altars:


Message History

No target in view!
The bat hits you but does no damage. The bat barely misses you.
You hit the bat.
The bat is poisoned.
The bat is severely wounded.
You kill the bat!
No target in view!
Found 13 gold pieces.
x - a ring of ice
There is an escape hatch in the floor here.
You now have 230 gold pieces (gained 13).
The gnoll sergeant shouts!
Throw: 4 darts (atropa)
Press: ? - help, Q - select action, (/) - cycle Shift-Dir - straight line, f - gnoll sergeant
Aim: a gnoll sergeant, wielding a +0 spear and wearing a +0 scale mail (69% to hit, chance to blind on hit: 67%)
You throw an atropa-tipped dart.
The atropa-tipped dart hits the gnoll sergeant.
The gnoll sergeant appears confused.
The gnoll sergeant seems less confused.
You strike the helpless gnoll sergeant from behind!
You puncture the gnoll sergeant!
The gnoll sergeant looks as sick as possible!
The gnoll sergeant is moderately wounded.
The gnoll sergeant hits you with a +0 spear.
You barely miss the gnoll sergeant.
The gnoll sergeant is heavily wounded.
The gnoll sergeant is no longer blind.
The gnoll sergeant misses you.
You hit the gnoll sergeant but do no damage.
The gnoll sergeant looks as sick as possible!
The gnoll sergeant is severely wounded.
The gnoll sergeant hits you with a +0 spear!
You hit the gnoll sergeant.
The gnoll sergeant looks as sick as possible!
The gnoll sergeant is severely wounded.
The gnoll barely misses you.
The gnoll sergeant hits you with a +0 spear.
* * * LOW HITPOINT WARNING * * *
The gnoll closely misses you.
The gnoll sergeant hits you from afar with a +0 spear!
You die...

#.# .. #.# #.# # #.# ##... .
#.###....##### #.##..........
. #.#..# ....... . ##....#
....... . ####....g##g......
. ##......@.g(......# .
##..#...#####....##.. .
####.......##..†...#.... . .
#.............##>#....# .. .
#..........###........# .....
#................#..###......
#.......>..........†.#...# ..
#####..........##.##...# .#
#....#.#..........# ###.#


You could see a gnoll sergeant (extremely poisoned) and 2 gnolls.

Vanquished Creatures
  A gnoll (D:3)
  5 ball pythons
  10 bats
  6 endoplasms
  2 giant cockroaches
  8 goblins
  12 hobgoblins
  2 jackals (D:1)
  8 kobolds
  2 quokkas
  3 frilled lizards
  2 rats (D:1)
61 creatures vanquished.

Notes
Turn   | Place    | Note
-------+----------+-------------------------------------------
     0 | D:1      | Chodeload the Deep Elf Wanderer began the quest for the
                  | Orb.
     0 | D:1      | Chodeload set off with the following items: a +0 dagger, a
                  | +0 cloak, a scroll of vulnerability, a +0 robe, a wand of
                  | roots (2); and the following spells available to memorise:
                  | Blink, Lesser Beckoning.
     0 | D:1      | Reached XP level 1. HP: 12/12 MP: 5/5
   327 | D:1      | Reached XP level 2. HP: 16/16 MP: 7/7
   330 | D:1      | Learned a level 2 spell: Blink
   773 | D:1      | Reached XP level 3. HP: 20/20 MP: 9/9
  1734 | D:2      | Found a faded altar of an unknown god.
  2022 | D:3      | Noticed a gnoll sergeant
  2037 | D:3      | Reached XP level 4. HP: 26/26 MP: 11/11
  2171 | D:3      | Mangled by a gnoll sergeant

Illustrated notes

Levels and vault maps discovered:
D:1:      sevenhm_arrival_forest_fort_large_2, layout_basic, minmay_door_square,
          minmay_heptomino_d4
D:2:      cheibrodos_greedy_goblins, layout_basic,
          chequers_ecumenical_altar_grove
D:3:      layout_rooms, chequers_temple_overflow_minitemple, eino_tiny_chamber,
          uniq_jessica

Skill      XL: |  1  2  3 |
---------------+----------+-----
Spellcasting   | 2 3 |  3.5
Stealth        | 2 3 |  3.9
Fighting       | 2 |  2.0
Translocations | |  2.1
Invocations    | |  2.0
Evocations     | |  2.1

Action                     |  1- 3 |  4- 6 || total
---------------------------+-------+-------++-------
  Melee: Dagger            |    25 |    19 ||    44
   Fire: Sling             |   144 |       ||   144
  Throw: Dart              |     5 |     3 ||     8
   Cast: Blink             |     2 |       ||     2
   Stab: Invisible         |       |     1 ||     1
 Armour: Robe              |    34 |     5 ||    39
  Dodge: Dodged            |    60 |    15 ||    75

Table legend: (Time is in decaauts)
 A = Elapsed time spent in this place.
 B = Non-inter-level travel time spent in this place.
 C = Inter-level travel time spent in this place.
 D = Time resting spent in this place.
 E = Time spent auto-exploring this place.
 F = Levels seen in this place.
 G = Mean time per level.
                   A        B        C        D        E       F      G
               +--------+--------+--------+--------+--------+-----+--------+
         Total |   2225 |   2158 |     67 |    102 |   1395 |   3 |  741.7 |
       Dungeon |   2225 |   2158 |     67 |    102 |   1395 |   3 |  741.7 |
               +--------+--------+--------+--------+--------+-----+--------+

Top non-repeatable levels by time:
     D:1: 1234 daAuts
     D:2: 803 daAuts
     D:3: 187 daAuts
